 Dungeon Crawl Stone Soup version 0.21-a0-279-g6037ffb (console) character file.

3663 removed the Grave Robber (level 9, -2/75 HPs)
             Began as a Demigod Necromancer on Sept 23, 2017.
             Slain by a killer bee (6 damage)
             ... on level 8 of the Dungeon.
             The game lasted 00:19:09 (9831 turns).

removed the Grave Robber (Demigod Necromancer)      Turns: 9831, Time: 00:19:10

Health: -2/75      AC:  5    Str: 11    XL:     9   Next: 58%
Magic:  6/23       EV: 16    Int: 25    God:
Gold:   465        SH:  0    Dex: 16    Spells: 11/22 levels left

rFire    . . .     SeeInvis .   a - +4 quarterstaff (chaos)
rCold    + . .     Gourm    +   (shield currently unavailable)
rNeg     . . .     Faith    .   G - +0 robe
rPois    .         Spirit   .   l - +0 helmet
rElec    .         Reflect  .   F - +0 cloak
rCorr    .         Harm     .   (no gloves)
MR       .....                  N - +0 pair of boots
Stlth    ++........             P - amulet of the gourmand
HPRegen  0.22/turn              y - ring of protection from cold
MPRegen  0.18/turn              (no ring)

@: lethally poisoned (-2 -> -7)
A: high mp 1
a: no special abilities


You were on level 8 of the Dungeon.
You were very full.

You visited 1 branch of the dungeon, and saw 8 of its levels.

You collected 465 gold pieces.

Inventory:

Hand Weapons
 a - a +4 quarterstaff of chaos (weapon)
 b - a +2 dagger of venom
 d - a +0 club
 g - a +0 dagger of freezing
 w - a +0 blowgun
 L - a +0 trident
 T - a +0 dagger of venom
 Z - a +2 short sword of draining
Missiles
 Y - a throwing net (quivered)
Armour
 l - a +0 helmet (worn)
 u - a +0 buckler
 F - a +0 cloak (worn)
 G - a +0 robe (worn)
 N - a +0 pair of boots (worn)
Jewellery
 y - a ring of protection from cold (left hand)
 P - an amulet of the gourmand (around neck)
Wands
 A - a wand of random effects (20/48)
 B - a wand of lightning (0/15)
 H - a wand of digging (17/24)
 O - a wand of disintegration (6/24)
 U - a wand of iceblast (10/15)
Scrolls
 h - 7 scrolls of remove curse
 n - 5 scrolls of enchant armour {unknown}
 r - 2 scrolls of teleportation
 x - 2 scrolls of enchant weapon {unknown}
 J - 2 scrolls of immolation {unknown}
 M - a scroll of fog {unknown}
 Q - a scroll of magic mapping {unknown}
 R - 2 scrolls of fear {unknown}
 X - a scroll of vulnerability {unknown}
Potions
 i - 5 potions of flight
 k - a potion of resistance
 q - 4 potions of berserk rage
 t - 2 potions of magic
 D - 2 potions of curing
 E - a potion of agility
 I - 2 potions of brilliance
 K - 2 potions of heal wounds {unknown}
 S - a potion of might {unknown}
 V - a potion of mutation {unknown}
 W - a potion of lignification {unknown}
Books
 z - a book of Necromancy

   Spells                             Type                      Level
   a - Pain                           Necromancy                   1
   b - Animate Skeleton               Necromancy                   1
   c - Vampiric Draining              Necromancy                   3
   d - Regeneration                   Charms/Necromancy            3
   e - Animate Dead                   Necromancy                   4
   f - Control Undead                 Necromancy                   4
Comestibles
 c - 8 bread rations
 o - 8 royal jellies
 v - 8 meat rations
 C - 6 fruits


   Skills:
 - Level 6.0 Fighting
 - Level 6.0 Dodging
 - Level 1.7 Stealth
 - Level 7.1 Spellcasting
 + Level 7.3 Necromancy


You had 11 spell levels left.
You knew the following spells:

 Your Spells              Type           Power        Failure   Level  Hunger
a - Pain                  Necr           ####         1%          1    None
b - Vampiric Draining     Necr           #####.....   1%          3    None
c - Control Undead        Necr           #####.....   3%          4    ###....
e - Regeneration          Chrm/Necr      ####......   4%          3    None


Dungeon Overview and Level Annotations

Branches:
Dungeon (8/15)             Temple (0/1) D:6
   Lair: D:8-11

Shops:
D:7 *

Annotations:
D:8 exclusion: two-headed ogre, CcS's ghost, novice DrTm


Innate Abilities, Weirdness & Mutations

You have an increased reservoir of magic. (+10% MP)


Message History

The killer bee stings you but does no damage.
Unknown command.
Casting: Pain
Confirm with . or Enter, or press ? or * to list all spells.
Aiming: Pain
Press: ? - help, Shift-Dir - straight line, f/p - killer bee
Aim: a killer bee (chance to defeat MR: 89%)
The killer bee writhes in agony!
* * * LOW HITPOINT WARNING * * *
You feel sick. The killer bee barely misses you. x2
Unknown command.
Casting: Pain
Confirm with . or Enter, or press ? or * to list all spells.
Aiming: Pain
Press: ? - help, Shift-Dir - straight line, f/p - killer bee
Aim: a killer bee (moderately wounded, chance to defeat MR: 89%)
The killer bee writhes in agony!
* * * LOW HITPOINT WARNING * * *
You feel sick. The killer bee stings you.
You die...

#............#.#
#..#######.#.#.#
#..# #<#.#.#
....# #.#.#.#
####.# #.#...#
#.# #.###.# #.#
#.###.# #.
#.....# #####@#
#y# #y# .W. ...
..... .....
#......


You could see 2 killer bees and CcS's ghost.

Vanquished Creatures
  Joseph (D:7)
  2 hippogriffs
  4 hogs (D:7)
  A human (D:7)
  An orc warrior (D:4)
  An ice beast (D:6)
  3 ogres
  A centaur (D:6)
  A big kobold (D:7)
  4 bullfrogs
  A scorpion (D:5)
  4 killer bees (D:8)
  4 wights (D:6)
  2 crimson imps
  5 hounds
  8 orc priests
  Crazy Yiuf (D:2)
  5 orc wizards
  A bullfrog skeleton (D:4)
  Jessica (D:3)
  A centaur skeleton (D:4)
  A worker ant (D:7)
  Terence (D:2)
  A killer bee zombie (D:7)
  A hound zombie (D:3)
  A hound skeleton (D:3)
  A worker ant zombie (D:3)
  A howler monkey zombie (D:6)
  13 adders
  A howler monkey skeleton (D:3)
  An ooze (D:1)
  2 adder skeletons
  An adder zombie (D:7)
  4 worms
  7 leopard geckos
  16 orcs
  3 giant cockroaches
  7 goblins
  11 hobgoblins
  7 jackals (D:3)
  4 quokkas
  A ball python (D:1)
  11 bats
  5 frilled lizards
  2 jackal skeletons (D:4)
  14 kobolds
  A leopard gecko skeleton (D:6)
  A quokka zombie (D:3)
  14 rats
185 creatures vanquished.

Vanquished Creatures (collateral kills)
  2 wights (D:6)
2 creatures vanquished.

Grand Total: 187 creatures vanquished

Notes
Turn   | Place    | Note
-------+----------+-------------------------------------------
     0 | D:1      | removed the Demigod Necromancer began the quest for the Orb.
     0 | D:1      | Reached XP level 1. HP: 14/14 MP: 5/5
   566 | D:1      | Reached XP level 2. HP: 16/20 MP: 4/7
  1513 | D:2      | Found a runed door.
  1914 | D:2      | Noticed a bullfrog
  1914 | D:2      | Reached XP level 3. HP: 22/26 MP: 4/8
  1981 | D:2      | Learned a level 3 spell: Vampiric Draining
  2416 | D:2      | Noticed Terence
  2434 | D:2      | Killed Terence
  2434 | D:2      | Reached skill level 5 in Necromancy
  2500 | D:2      | Killed a bullfrog
  2500 | D:2      | Reached XP level 4. HP: 23/33 MP: 0/9
  3080 | D:2      | Noticed Crazy Yiuf
  3084 | D:2      | Killed Crazy Yiuf
  3084 | D:2      | Reached XP level 5. HP: 36/38 MP: 6/10
  3756 | D:3      | Found a faded altar of an unknown god.
  3842 | D:3      | Noticed Jessica
  3846 | D:3      | Killed Jessica
  3846 | D:3      | Reached skill level 1 in Fighting
  3846 | D:3      | Reached XP level 6. HP: 32/47 MP: 8/13
  5521 | D:5      | Entered Level 5 of the Dungeon
  5526 | D:5      | Reached XP level 7. HP: 53/56 MP: 9/14
  5563 | D:5      | Learned a level 3 spell: Regeneration
  7076 | D:6      | Found a staircase to the Ecumenical Temple.
  7119 | D:6      | Reached XP level 8. HP: 64/66 MP: 13/17
  7707 | D:6      | Found a shadowy altar of Dithmenos.
  7740 | D:6      | Learned a level 4 spell: Control Undead
  7776 | D:6      | Reached skill level 5 in Fighting
  7836 | D:6      | Found an ornate altar of the Wu Jian Council.
  7883 | D:7      | Noticed a hippogriff
  7893 | D:7      | Killed a hippogriff
  8011 | D:7      | Found a bloodstained altar of Trog.
  8232 | D:7      | Found Zin's Purification Station.
  8260 | D:7      | Found a glowing silver altar of Zin.
  8346 | D:7      | Noticed Joseph
  8368 | D:7      | Killed Joseph
  8368 | D:7      | Reached skill level 5 in Spellcasting
  8368 | D:7      | Reached XP level 9. HP: 27/75 MP: 1/21
  8801 | D:7      | Reached skill level 5 in Dodging
  9649 | D:8      | Noticed a two-headed ogre
  9818 | D:8      | Noticed CcS's ghost (novice DrTm)
  9831 | D:8      | Slain by a killer bee

Vault maps used:
D:1:      lightli_arrival_statuegarden
D:2:      first_bread, uniq_robin, uniq_crazy_yiuf_cottage, uniq_terence
D:3:      chequers_ecumenical_altar_simple_redux, serial_undead,
          serial_undead_b, serial_undead_f, serial_undead_a, serial_undead_a,
          serial_undead_f, uniq_jessica
D:5:      guppyfry_early_orc_mine
D:6:      nicolae_dithmenos_through_a_glass_darkly, kennysheep_little_box,
          minmay_temple_entry_glass
D:7:      zin_purify, grunt_livestock, grunt_ministairs_6, trog_hazing_becter,
          uniq_joseph
D:8:      minitemple, serial_shops, shop

Skill      XL: |  1  2  3  4  5  6  7  8  9 |
---------------+----------------------------+-----
Necromancy     | 4 5 6 7 |  7.3
Spellcasting   | 3 4 5 7 |  7.1
Fighting       | 1 2 3 6 |  6.0
Dodging        | 3 4 6 |  6.0
Stealth        | |  1.7

Action                   |  1- 3 |  4- 6 |  7- 9 || total
-------------------------+-------+-------+-------++-------
Melee: Dagger            |     6 |       |    14 ||    20
       Quarterstaff      |       |    36 |    76 ||   112
 Cast: Pain              |    77 |   122 |   214 ||   413
       Vampiric Draining |     1 |     4 |    30 ||    35
       Control Undead    |       |       |     1 ||     1
Evoke: Wand              |       |     2 |     3 ||     5
  Use: Scroll            |     2 |     7 |       ||     9
 Stab: Sleeping          |     1 |       |     1 ||     2
       Confused          |       |     1 |     2 ||     3
       Distracted        |       |     1 |       ||     1
       Paralysed         |       |       |     2 ||     2
  Eat: Chunk             |     6 |    10 |    26 ||    42
Armor: Robe              |     1 |     9 |    47 ||    57
Dodge: Dodged            |    13 |    38 |   167 ||   218

Table legend:
 A = Spawn XP
 B = Non-spawn XP
 C = Spawn XP percentage of total XP
 D = Spawn monster count
 E = Non-spawn monster count
 F = Spawn count percentage of total count
 G = Total turns spent on level
                    A         B        C        D         E        F      G
               +---------+---------+-------+---------+---------+-------+---------
         Total |       0 |    5233 |   0.0 |       0 |     187 |   0.0 |  9831
               +---------+---------+-------+---------+---------+-------+---------
           D:1 |       0 |      30 |   0.0 |       0 |      18 |   0.0 |  1496
           D:2 |       0 |     231 |   0.0 |       0 |      31 |   0.0 |  1644
           D:3 |       0 |     248 |   0.0 |       0 |      37 |   0.0 |  1458
           D:4 |       0 |     503 |   0.0 |       0 |      19 |   0.0 |  1128
           D:5 |       0 |     519 |   0.0 |       0 |      21 |   0.0 |  1242
           D:6 |       0 |     912 |   0.0 |       0 |      22 |   0.0 |   992
           D:7 |       0 |    2280 |   0.0 |       0 |      33 |   0.0 |  1689
           D:8 |       0 |     510 |   0.0 |       0 |       6 |   0.0 |   182
               +---------+---------+-------+---------+---------+-------+---------
